SAA
GLENDALE HERONS @ WESTWOOD SIXSHOOTERS
07/28/2020
 
TOP OF THE 1ST
Glendale Herons batting - Pitching for Westwood Sixshooters : RHP Reynaldo Ortíz
Pitching: RHP Reynaldo Ortíz
Batting: RHB José Villegas 0-0: Foul Ball, location: 2F
0-1: Ball
1-1: Ball
2-1: SINGLE (Line Drive, 34D)
Batting: LHB José Rodríguez 0-0: Ball
1-0: Called Strike
1-1: DOUBLE (Line Drive, 3D)
José Villegas to third
Batting: RHB Héctor Moreno 0-0: Called Strike
0-1: Ball
1-1: Swinging Strike
1-2: Strikes out swinging
Batting: RHB Ángel López 0-0: Ball
1-0: Ball
2-0: Called Strike
2-1: Ball
3-1: Ground out 4-3 (Groundball, 4)
José Villegas scores
José Rodríguez to third
Batting: LHB Pedro Rodríguez 0-0: Called Strike
0-1: Called Strike
0-2: Strikes out looking
Top of the 1st over - 1 run(s), 2 hit(s), 0 error(s), 1 left on base; Glendale 1 - Westwood 0
BOTTOM OF THE 1ST
Westwood Sixshooters batting - Pitching for Glendale Herons : RHP Ron Yarbrough
Pitching: RHP Ron Yarbrough
Batting: RHB Barnett Armstrong 0-0: Foul Ball, location: 2F
0-1: Ground out 5-3 (Groundball, 5)
Batting: RHB Jorge Morales 0-0: Foul Ball, location: 2F
0-1: Ground out 5-3 (Groundball, 5)
Batting: RHB Ángel Bruno 0-0: Fly out, F7 (Flyball, 78M)
Bottom of the 1st over - 0 run(s), 0 hit(s), 0 error(s), 0 left on base; Glendale 1 - Westwood 0
TOP OF THE 2ND
Glendale Herons batting - Pitching for Westwood Sixshooters : RHP Reynaldo Ortíz
Batting: RHB Ángel Ruezga 0-0: Ball
1-0: Ball
2-0: Called Strike
2-1: Ball
3-1: Base on Balls
Batting: SHB Jim Bunker 0-0: Ball
1-0: Ground out 6-3 (Groundball, 6M)
Ángel Ruezga to second
Batting: RHB Dave Davis 0-0: Ball
1-0: Called Strike
1-1: Called Strike
1-2: Foul Ball, location: 2F
1-2: Ball
2-2: Ball
3-2: Ground out 6-3 (Groundball, 6M)
Ángel Ruezga to third
Batting: RHB Jim Unknown 0-0: Ball
1-0: Ball
2-0: Ball
3-0: Called Strike
3-1: Foul Ball, location: 2F
3-2: Base on Balls
Batting: RHB José Villegas 0-0: Ball
1-0: SINGLE (Line Drive, 8RS)
Ángel Ruezga scores
Jim Unknown to second
Batting: LHB José Rodríguez 0-0: Called Strike
0-1: Ball
1-1: Called Strike
1-2: Foul Ball, location: 2F
1-2: Fly out, F6 (Popup, 6M)
Top of the 2nd over - 1 run(s), 1 hit(s), 0 error(s), 2 left on base; Glendale 2 - Westwood 0
BOTTOM OF THE 2ND
Westwood Sixshooters batting - Pitching for Glendale Herons : RHP Ron Yarbrough
Batting: RHB Brandon Cooper 0-0: Ball
1-0: Ball
2-0: Ball
3-0: Called Strike
3-1: Base on Balls
Batting: RHB Jason Boyer 0-0: Grounds into double play, 5-4-3 (Groundball, 5)
Batting: SHB Ernesto Valenzuela 0-0: Called Strike
0-1: Swinging Strike
0-2: Strikes out swinging
Bottom of the 2nd over - 0 run(s), 0 hit(s), 0 error(s), 0 left on base; Glendale 2 - Westwood 0
TOP OF THE 3RD
Glendale Herons batting - Pitching for Westwood Sixshooters : RHP Reynaldo Ortíz
Batting: RHB Héctor Moreno 0-0: Foul Ball, location: 2F
0-1: Foul Ball, location: 2F
0-2: Foul Ball, location: 2F
0-2: Foul Ball, location: 2F
0-2: Ball
1-2: Foul Ball, location: 2F
1-2: Ball
2-2: Strikes out looking
Batting: RHB Ángel López 0-0: Ball
1-0: Called Strike
1-1: Called Strike
1-2: Ball
2-2: Strikes out swinging
Batting: LHB Pedro Rodríguez 0-0: Called Strike
0-1: Swinging Strike
0-2: Strikes out swinging
Top of the 3rd over - 0 run(s), 0 hit(s), 0 error(s), 0 left on base; Glendale 2 - Westwood 0
BOTTOM OF THE 3RD
Westwood Sixshooters batting - Pitching for Glendale Herons : RHP Ron Yarbrough
Batting: LHB Davis Mills 0-0: Ball
1-0: Ball
2-0: Swinging Strike
2-1: Called Strike
2-2: Ball
3-2: Foul Ball, location: 2F
3-2: Fly out, F6 (Popup, 56D)
Batting: RHB Ronnie Cleveland 0-0: Ball
1-0: Ball
2-0: Foul Ball, location: 2F
2-1: Swinging Strike
2-2: Ball
3-2: Foul Ball, location: 2F
3-2: Foul Ball, location: 2F
3-2: Ground out 5-3 (Groundball, 5S)
Batting: RHB Javier Martínez 0-0: Ball
1-0: Foul Ball, location: 2F
1-1: Ball
2-1: Called Strike
2-2: Ball
3-2: Foul Ball, location: 2F
3-2: Foul Ball, location: 2F
3-2: Strikes out swinging
Bottom of the 3rd over - 0 run(s), 0 hit(s), 0 error(s), 0 left on base; Glendale 2 - Westwood 0
TOP OF THE 4TH
Glendale Herons batting - Pitching for Westwood Sixshooters : RHP Reynaldo Ortíz
Batting: RHB Ángel Ruezga 0-0: Ball
1-0: Ball
2-0: SINGLE (Groundball, 56)
Batting: SHB Jim Bunker 0-0: Foul Ball, location: 2F
0-1: Ball
1-1: Swinging Strike
1-2: Ball
2-2: Strikes out looking
Batting: RHB Dave Davis 0-0: Called Strike
0-1: Ball
Ángel Ruezga steals 2nd base
1-1: Ball
2-1: Called Strike
Ángel Ruezga steals 3rd base
2-2: Foul Ball, location: 2F
2-2: Foul Ball, location: 2F
2-2: Fly out, F8 (Flyball, 8LM)
Runner from 3rd tags up, SCORES, throw made
Batting: RHB Jim Unknown 0-0: Foul Ball, location: 2F
0-1: Swinging Strike
0-2: Strikes out swinging
Top of the 4th over - 1 run(s), 1 hit(s), 0 error(s), 0 left on base; Glendale 3 - Westwood 0
BOTTOM OF THE 4TH
Westwood Sixshooters batting - Pitching for Glendale Herons : RHP Ron Yarbrough
Batting: RHB Barnett Armstrong 0-0: Ball
1-0: Foul Ball, location: 2F
1-1: Ground out 4-3 (Groundball, 4)
Batting: RHB Jorge Morales 0-0: Ball
1-0: Ball
2-0: Swinging Strike
2-1: Ground out 5-3 (Groundball, 6)
Batting: RHB Ángel Bruno 0-0: Ball
1-0: Called Strike
1-1: Fly out, F6 (Popup, 6)
Bottom of the 4th over - 0 run(s), 0 hit(s), 0 error(s), 0 left on base; Glendale 3 - Westwood 0
TOP OF THE 5TH
Glendale Herons batting - Pitching for Westwood Sixshooters : RHP Reynaldo Ortíz
Batting: RHB José Villegas 0-0: Ball
1-0: SINGLE (Line Drive, 89M)
Batting: LHB José Rodríguez 0-0: Bunt missed!
0-1: Sac Bunt - play at first, batter OUT! 1-4
José Villegas to second
Batting: RHB Héctor Moreno 0-0: Ground out 4-3 (Groundball, 13)
José Villegas to third
Batting: RHB Ángel López 0-0: SINGLE (Flyball, 89S)
José Villegas scores
Batting: LHB Pedro Rodríguez 0-0: Called Strike
Ángel López steals 2nd base
0-1: Fly out, F7 (Flyball, 7LM)
Top of the 5th over - 1 run(s), 2 hit(s), 0 error(s), 1 left on base; Glendale 4 - Westwood 0
BOTTOM OF THE 5TH
Westwood Sixshooters batting - Pitching for Glendale Herons : RHP Ron Yarbrough
Batting: RHB Brandon Cooper 0-0: Called Strike
0-1: Fly out, F8 (Line Drive, 8LM)
Batting: RHB Jason Boyer 0-0: Called Strike
0-1: Called Strike
0-2: Ball
1-2: Ball
2-2: Strikes out looking
Batting: SHB Ernesto Valenzuela 0-0: Ground out 5-3 (Groundball, 15S)
Bottom of the 5th over - 0 run(s), 0 hit(s), 0 error(s), 0 left on base; Glendale 4 - Westwood 0
TOP OF THE 6TH
Glendale Herons batting - Pitching for Westwood Sixshooters : RHP Reynaldo Ortíz
Batting: RHB Ángel Ruezga 0-0: Called Strike
0-1: Ground out 5-3 (Groundball, 5)
Batting: SHB Jim Bunker 0-0: Called Strike
0-1: Ball
1-1: Fly out, F2 (Popup, 2LF)
Batting: RHB Dave Davis 0-0: Ground out 6-3 (Groundball, 6)
Top of the 6th over - 0 run(s), 0 hit(s), 0 error(s), 0 left on base; Glendale 4 - Westwood 0
BOTTOM OF THE 6TH
Westwood Sixshooters batting - Pitching for Glendale Herons : RHP Ron Yarbrough
Batting: LHB Davis Mills 0-0: Called Strike
0-1: Swinging Strike
0-2: Strikes out swinging
Batting: RHB Ronnie Cleveland 0-0: Called Strike
0-1: Ground out 5-3 (Groundball, 5S)
Batting: RHB Javier Martínez 0-0: Ball
1-0: Ball
2-0: Called Strike
2-1: Ball
3-1: Foul Ball, location: 2F
3-2: Base on Balls
Batting: RHB Barnett Armstrong 0-0: Swinging Strike
0-1: Ball
1-1: Ball
2-1: Ball
3-1: Fly out, F5 (Line Drive, 5)
Bottom of the 6th over - 0 run(s), 0 hit(s), 0 error(s), 1 left on base; Glendale 4 - Westwood 0
TOP OF THE 7TH
Glendale Herons batting - Pitching for Westwood Sixshooters : RHP Reynaldo Ortíz
Batting: RHB Jim Unknown 0-0: Ball
1-0: Ball
2-0: Ball
3-0: Called Strike
3-1: Ground out 1-3 (Groundball, 13S)
Batting: RHB José Villegas 0-0: Called Strike
0-1: Ball
1-1: Ball
2-1: Ball
3-1: Called Strike
3-2: Base on Balls
Pitching: RHP Devin Federith
Batting: LHB José Rodríguez 0-0: Ball
1-0: Ball
2-0: Foul Ball, location: 2F
2-1: Foul Ball, location: 2F
2-2: SINGLE (Flyball, 7LS)
José Villegas to second
Batting: RHB Héctor Moreno 0-0: Swinging Strike
0-1: Swinging Strike
0-2: Ball
1-2: Grounds into double play, 5-4-3 (Groundball, 56)
Top of the 7th over - 0 run(s), 1 hit(s), 0 error(s), 1 left on base; Glendale 4 - Westwood 0
BOTTOM OF THE 7TH
Westwood Sixshooters batting - Pitching for Glendale Herons : RHP Ron Yarbrough
Batting: RHB Jorge Morales 0-0: Ball
1-0: Called Strike
1-1: Ball
2-1: Swinging Strike
2-2: Strikes out swinging
Batting: RHB Ángel Bruno 0-0: Called Strike
0-1: Ground out 6-3 (Groundball, 56)
Batting: RHB Brandon Cooper 0-0: Ball
1-0: Foul Ball, location: 2F
1-1: Ball
2-1: Ball
3-1: Ground out 4-3 (Groundball, 4M)
Bottom of the 7th over - 0 run(s), 0 hit(s), 0 error(s), 0 left on base; Glendale 4 - Westwood 0
TOP OF THE 8TH
Glendale Herons batting - Pitching for Westwood Sixshooters : RHP Devin Federith
Batting: RHB Ángel López 0-0: Fly out, F8 (Flyball, 8LM)
Batting: LHB Pedro Rodríguez 0-0: Called Strike
0-1: Ball
1-1: Ground out 4-3 (Groundball, 4)
Batting: RHB Ángel Ruezga 0-0: Called Strike
0-1: Ball
1-1: Swinging Strike
1-2: Ball
2-2: Ground out 6-3 (Groundball, 56)
Top of the 8th over - 0 run(s), 0 hit(s), 0 error(s), 0 left on base; Glendale 4 - Westwood 0
BOTTOM OF THE 8TH
Westwood Sixshooters batting - Pitching for Glendale Herons : RHP Ron Yarbrough
Batting: RHB Jason Boyer 0-0: Swinging Strike
0-1: SINGLE (Flyball, 8LS)
Batting: SHB Ernesto Valenzuela 0-0: Foul Ball, location: 2F
0-1: Swinging Strike
0-2: Fly out, F6 (Popup, 6M)
Batting: LHB Davis Mills 0-0: Fly out, F8 (Flyball, 8LM)
Batting: RHB Ronnie Cleveland 0-0: Ball
1-0: Reached on Error, E7 (Flyball, 7D)
Jason Boyer to third
Pitching: RHP Allen Carlson
Batting: RHB Javier Martínez 0-0: Called Strike
0-1: Called Strike
0-2: Ground out 4-3 (Groundball, 4M)
Bottom of the 8th over - 0 run(s), 1 hit(s), 1 error(s), 2 left on base; Glendale 4 - Westwood 0
TOP OF THE 9TH
Glendale Herons batting - Pitching for Westwood Sixshooters : RHP Devin Federith
Pitching: RHP Jorge Garza
Batting: SHB Jim Bunker 0-0: Called Strike
0-1: Called Strike
0-2: Ball
1-2: Ball
2-2: Fly out, F8 (Flyball, 8LM)
Batting: RHB Dave Davis 0-0: Called Strike
0-1: SINGLE (Line Drive, 8LS)
Batting: RHB Jim Unknown 0-0: Ball
1-0: Ball
2-0: Ball
3-0: Called Strike
3-1: DOUBLE (Line Drive, 7LM)
Dave Davis to third
Runner from 3rd tries for Home, SAFE, throw made home
Batting: RHB José Villegas 0-0: Called Strike
0-1: Ground out 5-3 (Groundball, 56)
Batting: LHB José Rodríguez 0-0: Ball
1-0: Foul Ball, location: 2F
1-1: Ball
2-1: Ball
3-1: Foul Ball, location: 2F
3-2: SINGLE (Groundball, 56D)
Jim Unknown to third
Jim Unknown scores
Batting: RHB Héctor Moreno 0-0: DOUBLE (Flyball, 89XD)
José Rodríguez to third
Runner from 3rd tries for Home, SAFE, no throw or cutoff
Batting: RHB Ángel López 0-0: Ball
1-0: Foul Ball, location: 2F
1-1: Foul Ball, location: 2F
1-2: Ball
2-2: Strikes out swinging
Top of the 9th over - 3 run(s), 4 hit(s), 0 error(s), 1 left on base; Glendale 7 - Westwood 0
BOTTOM OF THE 9TH
Westwood Sixshooters batting - Pitching for Glendale Herons : RHP Allen Carlson
Batting: RHB Barnett Armstrong 0-0: Ball
1-0: Foul Ball, location: 2F
1-1: Ball
2-1: Foul Ball, location: 2F
2-2: Strikes out swinging
Batting: RHB Jorge Morales 0-0: Foul Ball, location: 2F
0-1: Ball
1-1: Hit by Pitch
Batting: RHB Ángel Bruno 0-0: Ball
1-0: Grounds into double play, 6-4-3 (Groundball, 56)
Bottom of the 9th over - 0 run(s), 0 hit(s), 0 error(s), 0 left on base; Glendale 7 - Westwood 0
This league is powered by Out of the Park Baseball, the baseball management simulation game for PC, Mac and Linux
Friday, October 23rd, 2015 - OOTP Baseball 16.9 Build 39